woodfighter, chaotic female human Barbarian --- ---- ---.--- --..| ---------- |.>...-- |...---- --...--...| --......| --...*.| |....^....-----......------ --).--.--- --- |...........|....%.--- |..--- .--)).|-...| --.----...%%..--%...---.| ---....|----- -....|.|..|.--|...---...--.-----..| |.| |......|.|... |...--....|...|.........|--- ---- |.|--...........- --..|....----.|...------ ---.||.......--..@| |..--...| |....-- |..^|--...... -.u-- |...| |.|.--- --.---|.%.|... ... --..| --.|...| |...| --.-----. .<. ---- |...--.-- -----.---|.).| ... --...--..| --.....----.-- |........-- --.........).| --.--.....-- |.....--....-- ------....| |.....||...-- |^...| |...-----..| ---.-- ----- ---- --- woodfighter the Bandit Experience level: 6 Strength: 18 Dexterity: 18 Constitution: 18 Intelligence: 8 Wisdom: 7 Charisma: 6 Health: 0(71) Energy: 13(13) Def: 3 Gold: 375 Moves: 2825 Dungeon seed: TbV3AX3UYfL6xNlG Game ID: woodfighter_1444764618 Your Inventory: Coins $ - 375 gold pieces Weapons a - a corroded +0 battle-axe (weapon in hands) b - a +0 short sword (alternate weapon; not wielded) g - a +0 elven dagger w - 10 +0 daggers Armor e - an uncursed +0 ring mail (being worn) q - an uncursed rusty +0 orcish helm (being worn) y - an uncursed +1 dwarvish cloak z - a cursed -1 pair of iron shoes B - an uncursed +0 dwarvish iron helm H - an uncursed +0 dwarvish cloak I - an uncursed +0 pair of iron shoes M - an uncursed +0 dwarvish cloak O - an uncursed +0 dwarvish iron helm P - an uncursed +1 pair of iron shoes Q - an uncursed +1 dwarvish cloak R - an uncursed +0 pair of iron shoes U - an uncursed +0 dwarvish cloak V - an uncursed +0 pair of iron shoes Y - an uncursed +0 dwarvish cloak Comestibles c - an uncursed partly eaten food ration h - an uncursed partly eaten lichen corpse Scrolls m - an uncursed scroll of confuse monster o - 2 uncursed scrolls of scare monster W - an uncursed scroll of teleportation Spellbooks i - an uncursed spellbook of charm monster k - an uncursed spellbook of cure blindness Potions d - an uncursed potion of paralysis f - an uncursed potion of enlightenment j - a potion of holy water l - an uncursed potion of polymorph p - a cursed potion of hallucination v - an uncursed potion of gain energy C - an uncursed potion of blindness Rings s - an uncursed ring of sustain ability F - an uncursed ring of poison resistance Wands D - a wand of cancellation (0:6) Tools E - an uncursed lock pick K - 7 uncursed wax candles (0:400) S - an uncursed towel X - an uncursed tallow candle (0:200) Gems n - 2 uncursed worthless pieces of green glass r - 4 uncursed worthless pieces of orange glass G - an uncursed jacinth stone J - an uncursed turquoise stone N - 3 uncursed worthless pieces of yellow glass T - an uncursed worthless piece of black glass Z - an uncursed amethyst stone Spells and supernatural/magical abilities: Name Level Category Fail Memory W - pray for help -- divine ? -- Your skills at the end: Miscellaneous Skills bare handed combat [Basic] Weapon Skills axe [Skilled] short sword [Basic] Spellcasting Skills Final Attributes: You were piously aligned. You were poison resistant. You were telepathic. You are dead. Vanquished creatures: 3 wolves 6 gnome lords a little dog a floating eye 7 dwarves a kobold shaman an iguana a rabid rat 3 orc zombies 2 werejackals 2 acid blobs a large kobold 2 geckos a hobgoblin a giant rat 25 gnomes 6 garter snakes 14 jackals 2 kobolds 3 newts 3 goblins 3 sewer rats 3 grid bugs 2 lichens 94 creatures vanquished. Voluntary challenges: You did not adorn yourself with jewelry or accessories. You were an atheist. You used a wielded weapon 95 times, starting on turn 1. You did not use containers. You did not apply a unicorn horn. You were illiterate. You never genocided any monsters. You never polymorphed an object. You never changed form. You used no wishes. You never split a pudding. You never wrote Elbereth's name. You never violated your personal moral code. Dungeon overview: The Dungeons of Doom: levels 1 to 4 Level 1 some fountains a long staircase Level 2 (locked box) a fountain Level 3 a scroll shop, a sink stairs to The Gnomish Mines Level 4 The Gnomish Mines: levels 4 to 7 Level 4 stairs to The Dungeons of Doom Level 5 Level 6 <- You were here Level 7 History has recorded: On T:1 you entered the Dungeons of Doom to retrieve the Amulet of Yendor! On T:251 you reached level 2 of The Dungeons of Doom. On T:601 you advanced to experience level 2. On T:673 you reached level 3 of The Dungeons of Doom. On T:1044 you reached level 1 of The Gnomish Mines. On T:1071 you reached level 4 of The Dungeons of Doom. On T:1140 you advanced to experience level 3. On T:1217 you advanced to experience level 4. On T:1685 you reached level 2 of The Gnomish Mines. On T:1802 you advanced to experience level 5. On T:2160 you reached level 3 of The Gnomish Mines. On T:2383 you advanced to experience level 6. On T:2676 you reached level 4 of The Gnomish Mines. Score breakdown: Gold: 375 ( 37 points) Experience: 6 levels ( 500 points) Exploration: 7 levels ( 180 points) Discoveries: 3 items ( 150 points) Variety of kills: 24 monsters ( 1200 points) Major goal: (nothing yet) ( 0 points) Survival: died (score multiplied by 3) Total score: 6201 Latest messages: You stop exploring. The gray unicorn butts! The gray unicorn kicks! You die... Final status: Goodbye woodfighter the Barbarian, killed by a gray unicorn... You died in The Gnomish Mines on dungeon level 6 with 6201 points, and 375 pieces of gold, after 2825 moves. You were level 6 with a maximum of 71 hit points when you died.